 Dungeon Crawl Stone Soup version 0.31.0-32-g396128a36d (webtiles) character file.

Game seed: 11108936363056259598

49 PaiMei the Gusty (level 3, -4/20 HPs)
             Began as a Tengu Air Elementalist on Mar 18, 2024.
             Slain by a cerulean imp
             ... wielding a +2 spear
             ... summoned by Natasha
              (7 damage)
             ... on level 2 of the Dungeon.
             The game lasted 00:01:36 (1609 turns).

PaiMei the Gusty (Tengu Air Elementalist)           Turns: 1609, Time: 00:01:36

Health: -4/20      AC:  2    Str:  8    XL:     3   Next: 75%
Magic:  1/7        EV: 12    Int: 17    God:
Gold:   80         SH:  0    Dex: 14    Spells: 5/6 levels left

rFire   . . .        e - +0 mace
rCold   . . .        (no shield)
rNeg    . . .        a - +0 robe
rPois   .            (helmet restricted)
rElec   .            (no cloak)
rCorr   .            (no gloves)
SInv    .            (boots unavailable)
Will    .....        (no amulet)
Stlth   ++           (no ring)
HPRegen 0.23/turn    (no ring)
MPRegen 0.10/turn

%: acrobat
@: slowed, very slow
A: beak, talons 3, acrobatic
a: no special abilities


You were on level 2 of the Dungeon.
You visited 1 branch of the dungeon, and saw 2 of its levels.

You collected 80 gold pieces.

Inventory:

Hand Weapons
 e - a +0 mace (weapon)
Armour
 a - a +0 robe (worn)
Jewellery
 m - an amulet of reflection
Scrolls
 c - a scroll of teleportation {unknown}
 f - a scroll of fear {unknown}
 g - a scroll of immolation {unknown}
 h - 2 scrolls of vulnerability {unknown}
 j - a scroll of torment {unknown}
 l - a scroll of fog {unknown}
 p - a scroll of identify {unknown}
Potions
 b - a potion of magic
 d - a potion of lignification {unknown}
 i - 2 potions of heal wounds {unknown}
 k - a potion of might {unknown}
 n - 2 potions of enlightenment {unknown}
 o - 2 potions of attraction {unknown}


   Skills:
 + Level 0.8 Fighting
 + Level 2.7 Dodging
 - Level 2.1 Stealth
 + Level 2.4 Spellcasting
 + Level 2.3 Conjurations
 + Level 4.5 Air Magic


You had 5 spell levels left.
You knew the following spells:

 Your Spells              Type           Power      Damage    Failure   Level
a - Shock                 Conj/Air       52%        1d6       4%          1

Your spell library contained the following spells:

 Spells                   Type           Power      Damage    Failure   Level
 Static Discharge         Conj/Air       26%        3-5/arc   7%          2
 Swiftness                Air            17%        N/A       9%          3
 Airstrike                Air            8%         2d(2-18)  28%         4


Dungeon Overview and Level Annotations

Branches:
Dungeon (2/15)

Altars:

Annotations:
D:2 Natasha


Innate Abilities, Weirdness & Mutations

You have a beak for a mouth.
You have claws for feet.
You can magically evade attacks while moving or waiting.


Message History

Casting: Shock (safe; 4% risk of failure)
Confirm with . or Enter, or press ? or * to list all spells.
Aiming: Shock (safe; 4% risk of failure)
Press: ? - help, Shift-Dir - straight line, f/p - Natasha
Aim: Natasha (heavily wounded, 60% to hit)
The zap misses Natasha.
Natasha casts a spell.
Casting: Shock (safe; 4% risk of failure)
Confirm with . or Enter, or press ? or * to list all spells.
Aiming: Shock (safe; 4% risk of failure)
Press: ? - help, Shift-Dir - straight line, f/p - Natasha
Aim: Natasha (heavily wounded, 60% to hit)
The zap misses Natasha.
Natasha stares at you and mumbles some strange words.
The magic dart hits you!
Casting: Shock (safe; 4% risk of failure)
Confirm with . or Enter, or press ? or * to list all spells.
Aiming: Shock (safe; 4% risk of failure)
Press: ? - help, Shift-Dir - straight line, f/p - Natasha
Aim: Natasha (heavily wounded, 60% to hit)
The zap hits Natasha.
Natasha is severely wounded.
Natasha closely misses you. x2
Casting: Shock (safe; 4% risk of failure)
Confirm with . or Enter, or press ? or * to list all spells.
Aiming: Shock (safe; 4% risk of failure)
Press: ? - help, Shift-Dir - straight line, f/p - Natasha
Aim: Natasha (severely wounded, 60% to hit)
The zap misses Natasha.
The cerulean imp hits you from afar with a +2 spear.
* * * LOW HITPOINT WARNING * * *
Natasha closely misses you. The cerulean imp completely misses you.
You hit Natasha. Your kick misses Natasha. You peck Natasha.
Natasha is almost dead.
Natasha barely misses you.
The cerulean imp hits you from afar with a +2 spear.
* * * LOW HITPOINT WARNING * * *
Natasha mumbles some strange words.
The cerulean imp hits you from afar with a +2 spear!
You die...

#.#
#.###########.
.... #.# #.....#
## .... #.#
#..##.# ......#.#
#..##.#
......#.###..##.#
.....5+.......#.#
......#.....###.#
...<.5h^....# #.#
#+#.#@....# #.#
#.#.#.....# #.# #
#.....##### #.#
#.#...#########.#
#...............#
####...##########
#...# #...#
#############...#


You could see Natasha and 2 cerulean imps.

Vanquished Creatures
  An adder (D:2)
  A dart slug (D:2)
  A ribbon worm (D:2)
  3 bats
  2 giant cockroaches
  4 goblins
  2 hobgoblins
  3 jackals (D:2)
  A kobold (D:1)
  5 quokkas
  2 ball pythons (D:1)
  4 frilled lizards
  2 rats (D:1)
31 creatures vanquished.

Notes
Turn   | Place    | Note
-------+----------+-------------------------------------------
     0 | D:1      | PaiMei the Tengu Air Elementalist began the quest for the
                  | Orb.
     0 | D:1      | Reached XP level 1. HP: 10/10 MP: 4/4
   199 | D:1      | Reached XP level 2. HP: 14/15 MP: 3/6
   881 | D:2      | Reached XP level 3. HP: 20/20 MP: 3/7
  1599 | D:2      | Noticed Natasha
  1609 | D:2      | Slain by a cerulean imp

Illustrated notes

Levels and vault maps discovered:
D:1:      wander_arrival_abandoned_jail, layout_basic
D:2:      layout_basic, uniq_natasha, uniq_sigmund

Skill      XL: |  1  2 |
---------------+-------+-----
Conjurations   | 2 |  2.3
Fighting       | |  0.8
Dodging        | |  2.7
Stealth        | |  2.1
Spellcasting   | |  2.4
Air Magic      | |  4.5

Action                     || total
---------------------------++-------
  Melee: Unarmed           ||     3
         Kick              ||     5
         Mace              ||    14
         Peck              ||     3
   Cast: Shock             ||    71
 Armour: Robe              ||    24
  Dodge: Dodged            ||    36
